 Dungeon Crawl Stone Soup version 0.18-a0-1273-g8ec5f8e (webtiles) character file.

541 M4edhros the Charlatan (level 7, -7/45 HPs)
             Began as an Octopode Artificer on Feb 8, 2016.
             Mangled by an ogre
             ... wielding a cursed -3 giant club
              (27 damage)
             ... on level 7 of the Dungeon.
             The game lasted 00:04:25 (3366 turns).

M4edhros the Charlatan (Octopode Artificer)         Turns: 3366, Time: 00:04:26

Health: -7/45      AC:  1    Str: 11    XL:     7   Next: 26%
Magic:  11/11      EV: 13    Int: 16    God:
Gold:   83         SH:  0    Dex: 12    Spells: 0 memorised, 6 levels left

rFire  . . .     SeeInvis .     q - +4 quarterstaff (chaos)
rCold  . . .     Gourm    .     (shield currently unavailable)
rNeg   . . .     Faith    .     (helmet restricted)
rPois  .         Spirit   .     (no amulet)
rElec  .         Dismiss  .     (no ring)
rCorr  .         Reflect  .     (no ring)
SustAt .         Harm     .     (no ring)
MR     .....                    (no ring)
Stlth  ++++......               (no ring)
                                (no ring)
                                (no ring)
                                (no ring)

@: not resistant to hostile enchantments, stealthy
A: almost no armour, amphibious, 8 rings, constrict 8, camouflage 1, gelatinous
body 1
a: no special abilities


You were on level 7 of the Dungeon.
You were hungry.

You visited 1 branch of the dungeon, and saw 5 of its levels.

You collected 83 gold pieces.

Inventory:

Hand Weapons
 a - a +0 short sword
 q - a +4 quarterstaff of chaos (weapon)
 A - a +0 hunting sling
Missiles
 y - 34 sling bullets
Jewellery
 i - an uncursed ring of protection from magic {unknown}
Wands
 b - a wand of flame (7/48)
 c - a wand of enslavement (12/24)
 d - a wand of random effects (10/48)
Scrolls
 e - 2 scrolls of immolation {unknown}
 h - a scroll of blinking {unknown}
 j - 3 scrolls of identify {unknown}
 l - 2 scrolls of magic mapping {unknown}
 p - 4 scrolls of remove curse {unknown}
 r - 3 scrolls of fear {unknown}
 s - 2 scrolls of amnesia {unknown}
 t - a scroll of fog {unknown}
 u - a scroll of recharging {unknown}
 v - a scroll of teleportation {unknown}
 x - a scroll of random uselessness {unknown}
Potions
 g - 2 potions of cancellation {unknown}
 k - a potion of cure mutation {unknown}
 m - 2 potions of curing {unknown}
 n - 2 potions of brilliance {unknown}
 w - a potion of degeneration {unknown}
Comestibles
 f - 3 bread rations
 o - 2 meat rations


   Skills:
 - Level 2.3 Fighting
 - Level 1.9 Short Blades
 * Level 4.2 Dodging
 * Level 5.5 Stealth
 + Level 5.6 Evocations


You had 6 spell levels left.
You didn't know any spells.

Dungeon Overview and Level Annotations

Branches:
Dungeon (4/15)
 Temple: D:4-7

Altars:
Fedhas
Makhleb
Nemelex Xobeh
Pakellas

Shops:
D:4 [

Annotations:
D:4 M4edhros's ghost, amateur OpAr


Innate Abilities, Weirdness & Mutations

You cannot wear most types of armour.
You are amphibious.
You can wear up to eight rings at the same time.
You can use your tentacles to constrict eight enemies at once.
Your skin changes colour to match your surroundings (Stealth).
Your rubbery body absorbs attacks (AC +1).


Message History

An ogre is nearby!
The helpless ogre fails to defend itself.
You hit the ogre.
The ogre shouts!
You heal the ogre.
The ogre is completely healed.
The ogre misses you.
You closely miss the ogre. You squeeze the ogre, but do no damage.
The ogre closely misses you.
You barely miss the ogre. You squeeze the ogre!
The ogre is moderately wounded.
The ogre barely misses you.
You barely miss the ogre.
The ogre is moderately wounded.
The ogre barely misses you.
You sock the ogre!
The ogre goes berserk!
The ogre is heavily wounded.
The ogre hits you with a giant club!!
Ouch! That really hurt!
The ogre hits you with a giant club!!
Ouch! That really hurt!
You die...

.. #.# #.#
#.# #.#
#.#
#.#####.#.
#.@O......
#.#####.##
.# #.# [.
#.# .##
#.#
..###.####
#.#......#
#[#......#
#.#......#


You could see an ogre (berserk).

Vanquished Creatures
  Sigmund (D:2)
  An ogre (D:4)
  2 orc priests (D:7)
  An orc wizard (D:7)
  Crazy Yiuf (D:2)
  Natasha (thrice) (D:2)
  4 adders
  An ooze (D:3)
  2 worms
  5 giant geckos
  4 orcs
  4 bats
  2 giant cockroaches
  7 goblins
  2 hobgoblins
  4 jackals (D:1)
  3 quokkas
  5 giant newts (D:1)
  5 kobolds
  3 rats
60 creatures vanquished.

Vanquished Creatures (collateral kills)
  A giant gecko (D:3)
  3 orcs (D:3)
  A kobold (D:3)
  A giant newt (D:3)
  A rat (D:3)
7 creatures vanquished.

Vanquished Creatures (others)
  An orc priest (D:3)
  A bat (D:2)
2 creatures vanquished.

Grand Total: 69 creatures vanquished

Notes
Turn   | Place    | Note
--------------------------------------------------------------
     0 | D:1      | M4edhros the Octopode Artificer began the quest for the Orb.
     0 | D:1      | Reached XP level 1. HP: 13/13 MP: 3/3
   142 | D:1      | Reached XP level 2. HP: 13/18 MP: 4/4
   803 | D:1      | Reached skill level 4 in Evocations
   947 | D:2      | Noticed Natasha
   953 | D:2      | Killed Natasha
   953 | D:2      | Reached XP level 3. HP: 1/23 MP: 6/6
  1194 | D:2      | Noticed Natasha
  1211 | D:2      | Killed Natasha
  1211 | D:2      | Reached XP level 4. HP: 13/28 MP: 7/7
  1400 | D:2      | Noticed Crazy Yiuf
  1439 | D:2      | Noticed Natasha
  1579 | D:2      | Killed Natasha
  1579 | D:2      | Reached XP level 5. HP: 9/33 MP: 8/8
  1772 | D:2      | Killed Crazy Yiuf
  2018 | D:2      | Noticed Sigmund
  2028 | D:2      | Killed Sigmund
  2028 | D:2      | Reached skill level 5 in Evocations
  2028 | D:2      | Reached XP level 6. HP: 20/39 MP: 9/9
  2498 | D:4      | Found an oddly glowing altar of Pakellas.
  2767 | D:4      | Noticed M4edhros's ghost (amateur OpAr)
  2788 | D:4      | Found Annoemup's Antique Armour Shoppe.
  3015 | D:4      | Reached skill level 5 in Stealth
  3015 | D:4      | Reached XP level 7. HP: 45/45 MP: 11/11
  3087 | D:4      | Found a burning altar of Makhleb.
  3090 | D:4      | Found a sparkling altar of Nemelex Xobeh.
  3092 | D:4      | Found a blossoming altar of Fedhas.
  3175 | D:4      | You fall through a shaft for 3 floors!
  3366 | D:7      | Mangled by an ogre

Vault maps used:
D:1:      scummos_arrival_forest
D:2:      lemuel_upstairs_altar, uniq_crazy_yiuf_cottage, uniq_sigmund,
          uniq_natasha
D:3:      nicolae_overflow_crystal_walls, uniq_jessica, uniq_iyjb
D:4:      grunt_temple_overflow_diamond, serial_shops, shop, first_bread,
          grunt_pakellas_sulfur
D:7:      lemuel_round_altar, serial_shops, shop, uniq_joseph

Action                   |  1- 3 |  4- 6 |  7- 9 || total
-------------------------+-------+-------+-------++-------
Melee: Short sword       |    49 |    21 |       ||    70
       Quarterstaff      |       |    35 |    17 ||    52
Evoke: Wand              |       |    16 |       ||    16
 Stab: Sleeping          |     4 |     7 |     3 ||    14
       Distracted        |       |     1 |       ||     1
  Eat: Chunk             |       |     6 |     1 ||     7
